TAMPA BAY Lightning vs PHILADELPHIA Flyers

Created - 19 février 2019 at 16:32

Goals
1 2 3 T
TAMPA BAY Lightning 4 1 2 7
PHILADELPHIA Flyers 2 3 0 5
Shots
1 2 3 T
TAMPA BAY Lightning 17 13 15 45
PHILADELPHIA Flyers 8 8 8 24

1st period

1. TAMPA BAY Lightning , Patrick Eaves 12 (Mikael Backlund 29, Brandon Davidson 6) at 4:25
2. PHILADELPHIA Flyers , Sebastian Aho 19 (Torey Krug 35, Sean Couturier 36) at 5:01
3. TAMPA BAY Lightning , Danton Heinen 8 (Alex Iafallo 7) at 10:57
4. TAMPA BAY Lightning , Alex Iafallo 5 (Dylan DeMelo 11, Luca Sbisa 17) at 12:30
5. PHILADELPHIA Flyers , Brendan Gallagher 16 (Patrick Marleau 15, Max Domi 21) at 15:31
6. TAMPA BAY Lightning , David Backes 6 (Jeff Carter 32, Brady Skjei 16) at 18:32

Penalties :
Nikita Zadorov (PHI) for Hooking (Minor) at 5:10

2nd period

7. PHILADELPHIA Flyers , Sebastian Aho 20 (Sean Couturier 37, Jonathan Drouin 13) at 5:36
8. PHILADELPHIA Flyers , Patrick Marleau 10 (Max Domi 22, Torey Krug 36) at 14:13
9. PHILADELPHIA Flyers , Dustin Byfuglien 9 (Jonathan Drouin 14, Sebastian Aho 29) at 14:43
10. TAMPA BAY Lightning , David Backes 7 (Jeff Carter 33, Brandon Davidson 7) at 17:29 (PP)

Penalties :
Nikita Zadorov (PHI) for Slashing (Minor) at 15:38

3rd period

11. TAMPA BAY Lightning , Mikael Backlund 15 (Bobby Ryan 14, Brandon Carlo 10) at 5:07 (PP)
12. TAMPA BAY Lightning , Jeff Carter 20 (Conor Sheary 19, David Backes 15) at 19:39

Penalties :
Dustin Byfuglien (PHI) for Hooking (Minor) at 4:26, Nikita Zadorov (PHI) for Slashing (Minor) at 9:59, David Backes (TBL) for Cross-checking (Minor) at 15:41

Goalie Stats

James Reimer (TBL), 19 saves from 24 shots - (0,792), W, 11-3-0, 60:00 minutes
Thomas Greiss (PHI), 38 saves from 45 shots - (0,844), L, 8-13-1, 60:00 minutes

Players Stats for TAMPA BAY Lightning

Player Name              G  A  P  +/- PIM S  H  SB GA TA FO     MP     PP MP  PK MP  
------------------------------------------------------------------------------------
Alex Iafallo             1  1  2   0  0   5  1  0  0  0  6/15   12:00   0:00   0:56 
Bobby Ryan               0  1  1   0  0   2  5  0  0  0  1/2    17:52   2:34   0:00 
Brady Skjei              0  1  1  -3  0   2  1  1  0  0  0/0    23:22   2:43   0:22 
Brandon Carlo            0  1  1  -3  0   1  2  2  0  0  0/0    28:07   3:47   0:55 
Brandon Davidson         0  2  2   3  0   0  1  0  0  0  0/0    23:27   2:50   1:04 
Cedric Paquette          0  0  0   0  0   1  1  0  0  0  8/12    8:02   0:00   1:03 
Conor Sheary             0  1  1   0  0   5  0  0  0  0  1/2    22:44   3:56   0:00 
Daniel Carr              0  0  0   0  0   0  0  0  0  0  0/0     6:21   0:00   0:00 
Danton Heinen            1  0  1   0  0   3  0  0  0  0  2/2    11:10   0:00   0:06 
David Backes             2  1  3   0  2   5  3  0  0  0  0/0    22:43   3:56   0:00 
Dylan DeMelo             0  1  1   1  0   4  3  5  0  0  0/0    21:58   2:52   0:25 
Jeff Carter              1  2  3   0  0   7  1  1  0  0  25/42  22:44   3:56   0:00 
John Hayden              0  0  0   0  0   2  4  0  0  0  0/3    11:26   0:00   0:22 
Luca Sbisa               0  1  1   1  0   0  0  1  0  0  0/0     5:11   0:48   0:00 
Mikael Backlund          1  1  2   0  0   4  1  0  0  0  21/29  19:23   2:34   1:31 
Patrick Eaves            1  0  1   0  0   4  0  0  0  0  0/1    17:52   2:34   0:00 
Robert Hagg              0  0  0   1  0   0  1  0  0  0  0/0    17:17   0:00   1:12 
William Carrier          0  0  0   0  0   0  2  0  0  0  1/1     6:21   0:00   0:00 

Players Stats for PHILADELPHIA Flyers

Player Name              G  A  P  +/- PIM S  H  SB GA TA FO     MP     PP MP  PK MP  
------------------------------------------------------------------------------------
Alexei Emelin            0  0  0  -2  0   0  2  1  0  0  0/0    14:23   0:00   0:00 
Brendan Gallagher        1  0  1   0  0   3  0  1  0  0  3/3    18:08   1:07   1:10 
Dustin Byfuglien         1  0  1   0  2   2  4  1  0  0  0/0    25:18   1:07   2:35 
Erik Gudbranson          0  0  0  -2  0   0  1  0  0  0  0/0    17:30   0:00   3:07 
Jared McCann             0  0  0  -1  0   1  0  0  0  0  5/20   14:38   0:00   0:00 
Jimmy Hayes              0  0  0  -1  0   1  1  0  0  0  0/1    14:38   0:00   0:00 
Jonathan Drouin          0  2  2   3  0   2  2  0  0  0  3/9    17:36   1:07   1:10 
Matt Duchene             0  0  0  -1  0   1  0  0  0  0  0/0    14:38   0:00   0:00 
Max Domi                 0  2  2   0  0   2  2  0  0  0  0/0    21:44   0:52   5:20 
Miles Wood               0  0  0  -1  0   0  0  0  0  0  0/0     5:48   0:00   0:00 
Nikita Zadorov           0  0  0   1  6   0  11 1  0  0  0/0    19:53   0:52   0:23 
Patrick Marleau          1  1  2  -1  0   1  3  0  0  0  11/27  17:02   1:07   0:09 
Roman Polak              0  0  0   2  0   1  3  3  0  0  0/0    22:28   0:52   3:23 
Sean Couturier           0  2  2   2  0   3  1  0  0  0  12/28  16:25   0:52   0:00 
Sebastian Aho            2  1  3   1  0   5  2  0  0  0  10/21  27:05   0:52   5:11 
Tomas Tatar              0  0  0  -1  0   2  0  0  0  0  0/0     5:48   0:00   0:00 
Torey Krug               0  2  2   1  0   0  0  1  0  0  0/0    20:24   1:07   3:32 
Xavier Ouellet           0  0  0   0  0   0  0  0  0  0  0/0     0:00   0:00   0:00 

3 Stars

1 - Sebastian Aho (PHI)
2 - David Backes (TBL)
3 - Jeff Carter (TBL)

Power Play

TAMPA BAY Lightning - 2 on 4 Attempt(s) - 50,00%
PHILADELPHIA Flyers - 0 on 1 Attempt(s) - 0,00%

Penalty Kill

TAMPA BAY Lightning - 1 on 1 Attempt(s) - 100,00% - Score 0 goal in Penalty Kill
PHILADELPHIA Flyers - 2 on 4 Attempt(s) - 50,00% - Score 0 goal in Penalty Kill

Team Stat

TAMPA BAY Lightning - Hits : 26 - Faceoff Wins : 65 - Blocked Shots : 10 - Penalty Minutes : 2
PHILADELPHIA Flyers - Hits : 32 - Faceoff Wins : 44 - Blocked Shots : 8 - Penalty Minutes : 8

Official

Referees : Unknown
Linesman : Unknown

Game Notes

Luca Sbisa is injured at 13:12 of 1st period (Lower Body)

Finance

Level 1 -- Attendance: 4435 (73,92%) -- Ticket Income 443 500 $
Level 2 -- Attendance: 3730 (74,60%) -- Ticket Income 223 800 $
Level 3 -- Attendance: 1837 (91,85%) -- Ticket Income 64 295 $
Level 4 -- Attendance: 4000 (100,00%) -- Ticket Income 80 000 $
Luxury Box -- Attendance: 745 (74,50%) -- Ticket Income 149 000 $
Game was played at the Wells Fargo Center.
Total Attendance: 14747 (81,93%)
Total Ticket Income: 960 595 $
Other Income: 374 632 $
Total Income: 1 335 227 $

TAMPA BAY Lightning

5 vs 5 Forward 
   Center                   Left Wing                Right Wing               Time % Phy DF OF 
 1 Jeff Carter              Conor Sheary             David Backes             40     1   2  2  
 2 Mikael Backlund          Patrick Eaves            Bobby Ryan               30     1   2  2  
 3 Alex Iafallo             Danton Heinen            John Hayden              20     1   2  2  
 4 Cedric Paquette          William Carrier          Daniel Carr              10     1   2  2  

5 vs 5 Defense 
   Defense                  Defense                                           Time % Phy DF OF 
 1 Brandon Carlo            Brady Skjei                                       40     1   2  2  
 2 Luca Sbisa               Dylan DeMelo                                      30     1   2  2  
 3 Brandon Davidson         Robert Hagg                                       20     1   2  2  
 4 Luca Sbisa               Brandon Carlo                                     10     1   2  2  

PowerPlay Forward 
   Center                   Left Wing                Right Wing               Time % Phy DF OF 
 1 Jeff Carter              Conor Sheary             David Backes             60     1   2  2  
 2 Mikael Backlund          Patrick Eaves            Bobby Ryan               40     1   2  2  

PowerPlay Defense
   Defense                  Defense                                           Time % Phy DF OF 
 1 Dylan DeMelo             Brady Skjei                                       60     1   2  2  
 2 Luca Sbisa               Brandon Carlo                                     40     1   2  2  

Penalty Kill 4 Players Forward 
   Center                   Wing                     Time % Phy DF OF 
 1 Mikael Backlund          Alex Iafallo             60     1   2  2  
 2 Cedric Paquette          John Hayden              40     1   2  2  

Penalty Kill 4 Players Defense
   Defense                  Defense                  Time % Phy DF OF 
 1 Luca Sbisa               Brandon Carlo            60     1   2  2  
 2 Brandon Davidson         Robert Hagg              40     1   2  2  

Penalty Kill - 3 Players Forward 
   Forward                                           Time % Phy DF OF 
 1 Mikael Backlund                                   60     1   2  2  
 2 Cedric Paquette                                   40     1   2  2  

Penalty Kill - 3 Players Defense
   Defense                  Defense                  Time % Phy DF OF 
 1 Luca Sbisa               Brandon Carlo            60     1   2  2  
 2 Brandon Davidson         Robert Hagg              40     1   2  2  

4 vs 4 Forward 
   Center                   Wing                     Time % Phy DF OF 
 1 Jeff Carter              David Backes             60     1   2  2  
 2 Mikael Backlund          Conor Sheary             40     1   2  2  

4 vs 4 Defense
   Defense                  Defense                  Time % Phy DF OF 
 1 Luca Sbisa               Brandon Carlo            60     1   2  2  
 2 Brady Skjei              Dylan DeMelo             40     1   2  2  

Last Minutes Offensive
   Center                   Left Wing                Right Wing               Defense                  Defense                  
   Jeff Carter              Conor Sheary             David Backes             Luca Sbisa               Brady Skjei              

Last Minutes Defensive
   Center                   Left Wing                Right Wing               Defense                  Defense                  
   Jeff Carter              Conor Sheary             David Backes             Luca Sbisa               Brandon Carlo            

Goaltenders
Starting : James Reimer             
Backup : Cory Schneider           

Extra Forwards
Normal : Alex Iafallo, Danton Heinen, Cedric Paquette - PP : Alex Iafallo, Danton Heinen - PK : Cedric Paquette
Extra Defensemen
Normal : Brandon Davidson, Robert Hagg, Brady Skjei - PP : Brandon Davidson - PK : Robert Hagg, Brady Skjei
Penalty Shots
Jeff Carter, Patrick Eaves, Conor Sheary, David Backes, Bobby Ryan

PHILADELPHIA Flyers

5 vs 5 Forward 
   Center                   Left Wing                Right Wing               Time % Phy DF OF 
 1 Sean Couturier           Sebastian Aho            Jonathan Drouin          40     1   2  2  
 2 Patrick Marleau          Max Domi                 Brendan Gallagher        30     1   2  2  
 3 Sebastian Aho            Miles Wood               Tomas Tatar              20     1   2  2  
 4 Jared McCann             Jimmy Hayes              Matt Duchene             10     1   2  2  

5 vs 5 Defense 
   Defense                  Defense                                           Time % Phy DF OF 
 1 Dustin Byfuglien         Nikita Zadorov                                    40     1   2  2  
 2 Torey Krug               Roman Polak                                       30     1   2  2  
 3 Alexei Emelin            Erik Gudbranson                                   20     1   2  2  
 4 Roman Polak              Dustin Byfuglien                                  10     1   2  2  

PowerPlay Forward 
   Center                   Left Wing                Right Wing               Time % Phy DF OF 
 1 Sean Couturier           Sebastian Aho            Max Domi                 60     1   2  2  
 2 Jonathan Drouin          Patrick Marleau          Brendan Gallagher        40     1   2  2  

PowerPlay Defense
   Defense                  Defense                                           Time % Phy DF OF 
 1 Dustin Byfuglien         Torey Krug                                        60     1   2  2  
 2 Nikita Zadorov           Roman Polak                                       40     1   2  2  

Penalty Kill 4 Players Forward 
   Center                   Wing                     Time % Phy DF OF 
 1 Sebastian Aho            Max Domi                 60     1   2  2  
 2 Jonathan Drouin          Brendan Gallagher        40     1   2  2  

Penalty Kill 4 Players Defense
   Defense                  Defense                  Time % Phy DF OF 
 1 Roman Polak              Nikita Zadorov           60     1   2  2  
 2 Dustin Byfuglien         Erik Gudbranson          40     1   2  2  

Penalty Kill - 3 Players Forward 
   Forward                                           Time % Phy DF OF 
 1 Sebastian Aho                                     60     1   2  2  
 2 Max Domi                                          40     1   2  2  

Penalty Kill - 3 Players Defense
   Defense                  Defense                  Time % Phy DF OF 
 1 Nikita Zadorov           Alexei Emelin            60     1   2  2  
 2 Roman Polak              Erik Gudbranson          40     1   2  2  

4 vs 4 Forward 
   Center                   Wing                     Time % Phy DF OF 
 1 Jonathan Drouin          Max Domi                 60     1   2  2  
 2 Brendan Gallagher        Sebastian Aho            40     1   2  2  

4 vs 4 Defense
   Defense                  Defense                  Time % Phy DF OF 
 1 Dustin Byfuglien         Nikita Zadorov           60     1   2  2  
 2 Torey Krug               Alexei Emelin            40     1   2  2  

Last Minutes Offensive
   Center                   Left Wing                Right Wing               Defense                  Defense                  
   Sean Couturier           Patrick Marleau          Sebastian Aho            Dustin Byfuglien         Torey Krug               

Last Minutes Defensive
   Center                   Left Wing                Right Wing               Defense                  Defense                  
   Sean Couturier           Max Domi                 Patrick Marleau          Erik Gudbranson          Roman Polak              

Goaltenders
Starting : Thomas Greiss            
Backup : Henrik Lundqvist         

Extra Forwards
Normal : Brendan Gallagher, Max Domi, Sebastian Aho - PP : Max Domi, Brendan Gallagher - PK : Max Domi
Extra Defensemen
Normal : Torey Krug, Erik Gudbranson, Nikita Zadorov - PP : Torey Krug - PK : Nikita Zadorov, Torey Krug
Penalty Shots
Jonathan Drouin, Sebastian Aho, Sean Couturier, Brendan Gallagher, Max Domi


% Time on Ice - TAMPA BAY Lightning

Lines # - Real PCT - Wanted PCT - Time Play
Normal Forward
1 - 36% - 40% - 18:23
2 - 30% - 30% - 15:18
3 - 22% - 20% - 11:04
4 - 12% - 10% - 6:21
Normal Defense
1 - 31% - 40% - 15:37
2 - 36% - 30% - 18:29
3 - 17% - 20% - 8:42
4 - 16% - 10% - 8:18
PP Forward
1 - 61% - 60% - 3:56
2 - 39% - 40% - 2:34
PP Defense
1 - 42% - 60% - 2:43
2 - 58% - 40% - 3:47
PK Forward
1 - 82% - 60% - 1:37
2 - 18% - 40% - 0:22
PK Defense
1 - 82% - 60% - 1:37
2 - 18% - 40% - 0:22
PK3 Forward
1 - 0% - 60%
2 - 0% - 40%
PK3 Defense
1 - 0% - 60%
2 - 0% - 40%
44 Forward
1 - 0% - 60%
2 - 0% - 40%
44 Defense
1 - 0% - 60%
2 - 0% - 40%
Last Minute Offensive  - 0:00
Last Minute Defensive  - 0:25
Total
Forward - 60:00
Defense - 60:00

% Time on Ice - PHILADELPHIA Flyers

Lines # - Real PCT - Wanted PCT - Time Play
Normal Forward
1 - 30% - 40% - 15:19
2 - 30% - 30% - 15:32
3 - 11% - 20% - 5:48
4 - 29% - 10% - 14:38
Normal Defense
1 - 36% - 40% - 18:41
2 - 30% - 30% - 15:31
3 - 28% - 20% - 14:23
4 - 5% - 10% - 2:42
PP Forward
1 - 44% - 60% - 0:52
2 - 56% - 40% - 1:07
PP Defense
1 - 56% - 60% - 1:07
2 - 44% - 40% - 0:52
PK Forward
1 - 82% - 60% - 5:20
2 - 18% - 40% - 1:10
PK Defense
1 - 52% - 60% - 3:23
2 - 48% - 40% - 3:07
PK3 Forward
1 - 0% - 60%
2 - 0% - 40%
PK3 Defense
1 - 0% - 60%
2 - 0% - 40%
44 Forward
1 - 0% - 60%
2 - 0% - 40%
44 Defense
1 - 0% - 60%
2 - 0% - 40%
Last Minute Offensive  - 0:14
Last Minute Defensive  - 0:00
Total
Forward - 60:00
Defense - 60:00

Play-by-Play

1st period


0:01 of 1st period - Sebastian Aho wins face-off versus Conor Sheary in neutral zone.
0:25 of 1st period - Icing by Nikita Zadorov.
0:26 of 1st period - Sean Couturier wins face-off versus Mikael Backlund in PHILADELPHIA Flyers zone.
0:28 of 1st period - Icing by Dustin Byfuglien.
0:29 of 1st period - Sean Couturier wins face-off versus Alex Iafallo in PHILADELPHIA Flyers zone.
0:29 of 1st period - Sean Couturier is hit by John Hayden.
0:43 of 1st period - Shot by Sean Couturier.
0:43 of 1st period - Stopped by James Reimer without a rebound.
0:44 of 1st period - Bobby Ryan wins face-off versus Patrick Marleau in TAMPA BAY Lightning zone.
1:23 of 1st period - Mikael Backlund is hit by Roman Polak.
1:43 of 1st period - Shot by Conor Sheary.
1:43 of 1st period - Stopped by Thomas Greiss without a rebound.
1:44 of 1st period - Sebastian Aho wins face-off versus Cedric Paquette in PHILADELPHIA Flyers zone.
1:44 of 1st period - Miles Wood is hit by Cedric Paquette and loses puck.
1:54 of 1st period - Erik Gudbranson is hit by William Carrier and loses puck.
2:44 of 1st period - Off-side.
2:45 of 1st period - Alex Iafallo wins face-off versus Jared McCann in neutral zone.
3:33 of 1st period - Icing by Nikita Zadorov.
3:34 of 1st period - Jared McCann wins face-off versus Jeff Carter in PHILADELPHIA Flyers zone.
3:59 of 1st period - Shot by Sean Couturier.
3:59 of 1st period - Stopped by James Reimer without a rebound.
4:00 of 1st period - Patrick Marleau wins face-off versus Bobby Ryan in TAMPA BAY Lightning zone.
4:21 of 1st period - Shot by Patrick Eaves.
4:21 of 1st period - Deflect By Mikael Backlund.
4:21 of 1st period - Shot Misses the Net.
4:25 of 1st period - Shot by Patrick Eaves.
4:25 of 1st period - Goal by Patrick Eaves - TAMPA BAY Lightning : 1 - PHILADELPHIA Flyers : 0.
4:26 of 1st period - Sean Couturier wins face-off versus Jeff Carter in neutral zone.
4:37 of 1st period - Shot by Conor Sheary.
4:37 of 1st period - Stopped by Thomas Greiss with a rebound.
4:41 of 1st period - Shot by Jeff Carter.
4:41 of 1st period - Stopped by Thomas Greiss without a rebound.
4:42 of 1st period - Mikael Backlund wins face-off versus Patrick Marleau in PHILADELPHIA Flyers zone.
4:47 of 1st period - Shot by Mikael Backlund.
4:47 of 1st period - Stopped by Thomas Greiss without a rebound.
4:48 of 1st period - Jeff Carter wins face-off versus Sean Couturier in PHILADELPHIA Flyers zone.
5:01 of 1st period - Shot by Sebastian Aho.
5:01 of 1st period - Goal by Sebastian Aho - TAMPA BAY Lightning : 1 - PHILADELPHIA Flyers : 1.
5:02 of 1st period - Patrick Marleau wins face-off versus Mikael Backlund in neutral zone.
5:10 of 1st period - Minor Penalty to Nikita Zadorov for Hooking.
5:11 of 1st period - Sebastian Aho wins face-off versus Jeff Carter in PHILADELPHIA Flyers zone.
5:43 of 1st period - Shot by Jeff Carter.
5:43 of 1st period - Shot Misses the Net.
5:45 of 1st period - Shot by Brady Skjei.
5:45 of 1st period - Stopped by Thomas Greiss without a rebound.
5:46 of 1st period - Sebastian Aho wins face-off versus Mikael Backlund in PHILADELPHIA Flyers zone.
6:00 of 1st period - Shot by Bobby Ryan.
6:00 of 1st period - Shot Misses the Net.
6:42 of 1st period - Shot by Conor Sheary.
6:42 of 1st period - Shot Misses the Net.
6:44 of 1st period - Shot by Jeff Carter.
6:44 of 1st period - Shot Misses the Net.
7:00 of 1st period - Shot by David Backes.
7:00 of 1st period - Stopped by Thomas Greiss with a rebound.
7:05 of 1st period - David Backes is hit by Dustin Byfuglien and loses puck.
7:08 of 1st period - Shot by Dylan DeMelo.
7:08 of 1st period - Stopped by Thomas Greiss without a rebound.
7:09 of 1st period - Mikael Backlund wins face-off versus Jonathan Drouin in PHILADELPHIA Flyers zone.
7:43 of 1st period - Icing by Robert Hagg.
7:44 of 1st period - Alex Iafallo wins face-off versus Sean Couturier in TAMPA BAY Lightning zone.
7:44 of 1st period - Alex Iafallo is hit by Dustin Byfuglien.
7:47 of 1st period - Danton Heinen is hit by Jonathan Drouin and loses puck.
8:02 of 1st period - Shot by Jonathan Drouin.
8:02 of 1st period - Stopped by James Reimer without a rebound.
8:03 of 1st period - Jeff Carter wins face-off versus Jared McCann in TAMPA BAY Lightning zone.
8:15 of 1st period - David Backes is hit by Roman Polak.
8:25 of 1st period - Shot by Conor Sheary.
8:25 of 1st period - Stopped by Thomas Greiss without a rebound.
8:26 of 1st period - Sean Couturier wins face-off versus Mikael Backlund in PHILADELPHIA Flyers zone.
8:26 of 1st period - Sean Couturier is hit by Bobby Ryan.
8:52 of 1st period - Icing by Luca Sbisa.
8:53 of 1st period - Mikael Backlund wins face-off versus Patrick Marleau in TAMPA BAY Lightning zone.
9:09 of 1st period - Icing by Dustin Byfuglien.
9:10 of 1st period - Patrick Marleau wins face-off versus Jeff Carter in PHILADELPHIA Flyers zone.
9:30 of 1st period - Shot by David Backes.
9:30 of 1st period - Shot Misses the Net.
9:32 of 1st period - Shot by Brady Skjei.
9:32 of 1st period - Shot Misses the Net.
9:34 of 1st period - Shot by David Backes.
9:34 of 1st period - Stopped by Thomas Greiss without a rebound.
9:35 of 1st period - Cedric Paquette wins face-off versus Sean Couturier in PHILADELPHIA Flyers zone.
9:39 of 1st period - William Carrier is hit by Roman Polak and loses puck.
9:43 of 1st period - Icing by Torey Krug.
9:44 of 1st period - Mikael Backlund wins face-off versus Sean Couturier in PHILADELPHIA Flyers zone.
10:28 of 1st period - Shot by Sean Couturier.
10:28 of 1st period - Shot Blocked by Dylan DeMelo.
10:53 of 1st period - Shot by Conor Sheary.
10:53 of 1st period - Shot Hit the Post.
10:55 of 1st period - Shot by Brady Skjei.
10:55 of 1st period - Stopped by Thomas Greiss without a rebound.
10:56 of 1st period - Alex Iafallo wins face-off versus Jared McCann in PHILADELPHIA Flyers zone.
10:57 of 1st period - Shot by Danton Heinen.
10:57 of 1st period - Goal by Danton Heinen - TAMPA BAY Lightning : 2 - PHILADELPHIA Flyers : 1.
10:58 of 1st period - Jeff Carter wins face-off versus Jared McCann in neutral zone.
11:14 of 1st period - Icing by Jeff Carter.
11:15 of 1st period - Jeff Carter wins face-off versus Sebastian Aho in TAMPA BAY Lightning zone.
11:28 of 1st period - Shot by Conor Sheary.
11:28 of 1st period - Shot Misses the Net.
11:39 of 1st period - Conor Sheary is hit by Nikita Zadorov and loses puck.
12:18 of 1st period - Shot by Alex Iafallo.
12:18 of 1st period - Shot Misses the Net.
12:23 of 1st period - Alex Iafallo is hit by Nikita Zadorov and loses puck.
12:28 of 1st period - Shot by Dylan DeMelo.
12:28 of 1st period - Shot Misses the Net.
12:30 of 1st period - Shot by Alex Iafallo.
12:30 of 1st period - Goal by Alex Iafallo - TAMPA BAY Lightning : 3 - PHILADELPHIA Flyers : 1.
12:31 of 1st period - Mikael Backlund wins face-off versus Patrick Marleau in neutral zone.
13:00 of 1st period - Shot by Brendan Gallagher.
13:00 of 1st period - Stopped by James Reimer without a rebound.
13:01 of 1st period - Cedric Paquette wins face-off versus Jared McCann in TAMPA BAY Lightning zone.
13:12 of 1st period - Shot by Jared McCann.
13:12 of 1st period - Shot Blocked by Luca Sbisa.
13:12 of 1st period - Luca Sbisa from TAMPA BAY Lightning is injured at 13:12 of 1st period (Lower Body).
13:13 of 1st period - Jared McCann wins face-off versus Jeff Carter in TAMPA BAY Lightning zone.
13:20 of 1st period - Shot by Matt Duchene.
13:20 of 1st period - Deflect By Jimmy Hayes.
13:20 of 1st period - Stopped by James Reimer without a rebound.
13:21 of 1st period - Jeff Carter wins face-off versus Patrick Marleau in TAMPA BAY Lightning zone.
13:49 of 1st period - Shot by David Backes.
13:49 of 1st period - Shot Blocked by Roman Polak.
13:55 of 1st period - Shot by Jeff Carter.
13:55 of 1st period - Stopped by Thomas Greiss without a rebound.
13:56 of 1st period - Mikael Backlund wins face-off versus Sean Couturier in PHILADELPHIA Flyers zone.
13:56 of 1st period - Brandon Davidson is hit by Nikita Zadorov and loses puck.
14:29 of 1st period - Sean Couturier is hit by Bobby Ryan and loses puck.
14:55 of 1st period - Icing by Brandon Carlo.
14:56 of 1st period - Alex Iafallo wins face-off versus Patrick Marleau in TAMPA BAY Lightning zone.
15:31 of 1st period - Shot by Brendan Gallagher.
15:31 of 1st period - Goal by Brendan Gallagher - TAMPA BAY Lightning : 3 - PHILADELPHIA Flyers : 2.
15:32 of 1st period - Jeff Carter wins face-off versus Jared McCann in neutral zone.
15:51 of 1st period - Shot by Jimmy Hayes.
15:51 of 1st period - Shot Blocked by Dylan DeMelo.
16:23 of 1st period - Icing by Roman Polak.
16:24 of 1st period - Cedric Paquette wins face-off versus Jared McCann in PHILADELPHIA Flyers zone.
17:44 of 1st period - Shot by Sean Couturier.
17:44 of 1st period - Shot Misses the Net.
18:14 of 1st period - Shot by Jonathan Drouin.
18:14 of 1st period - Shot Blocked by Brady Skjei.
18:20 of 1st period - Shot by Sean Couturier.
18:20 of 1st period - Shot Misses the Net.
18:32 of 1st period - Shot by David Backes.
18:32 of 1st period - Goal by David Backes - TAMPA BAY Lightning : 4 - PHILADELPHIA Flyers : 2.
18:33 of 1st period - Patrick Marleau wins face-off versus Alex Iafallo in neutral zone.
18:42 of 1st period - Shot by John Hayden.
18:42 of 1st period - Deflect By Alex Iafallo.
18:42 of 1st period - Stopped by Thomas Greiss with a rebound.
18:44 of 1st period - Shot by Danton Heinen.
18:44 of 1st period - Stopped by Thomas Greiss without a rebound.
18:45 of 1st period - Patrick Marleau wins face-off versus Cedric Paquette in PHILADELPHIA Flyers zone.
19:16 of 1st period - Shot by Daniel Carr.
19:16 of 1st period - Shot Blocked by Alexei Emelin.
19:38 of 1st period - Icing by Cedric Paquette.
19:39 of 1st period - Cedric Paquette wins face-off versus Sean Couturier in TAMPA BAY Lightning zone.
19:54 of 1st period - Shot by Sebastian Aho.
19:54 of 1st period - Stopped by James Reimer without a rebound.
19:55 of 1st period - Sebastian Aho wins face-off versus Jeff Carter in TAMPA BAY Lightning zone.
19:56 of 1st period - Shot by Tomas Tatar.
19:56 of 1st period - Shot Blocked by Dylan DeMelo.
Goals for this period are 4 for TAMPA BAY Lightning vs 2 for PHILADELPHIA Flyers.
Shots for this period are 17 for TAMPA BAY Lightning vs 8 for PHILADELPHIA Flyers.

2nd period


0:01 of 2nd period - Sean Couturier wins face-off versus Jeff Carter in neutral zone.
0:13 of 2nd period - Shot by David Backes.
0:13 of 2nd period - Shot Blocked by Dustin Byfuglien.
0:27 of 2nd period - Shot by Jeff Carter.
0:27 of 2nd period - Shot Hit the Post.
0:58 of 2nd period - Icing by Bobby Ryan.
0:59 of 2nd period - Mikael Backlund wins face-off versus Patrick Marleau in TAMPA BAY Lightning zone.
0:59 of 2nd period - Mikael Backlund is hit by Max Domi.
1:05 of 2nd period - Patrick Marleau is hit by Bobby Ryan and loses puck.
1:17 of 2nd period - Patrick Marleau is hit by Robert Hagg and loses puck.
1:38 of 2nd period - Patrick Eaves is hit by Alexei Emelin and loses puck.
1:46 of 2nd period - Icing by Alexei Emelin.
1:47 of 2nd period - Patrick Marleau wins face-off versus John Hayden in PHILADELPHIA Flyers zone.
1:47 of 2nd period - Patrick Marleau is hit by John Hayden.
2:35 of 2nd period - Shot by Nikita Zadorov.
2:35 of 2nd period - Shot Misses the Net.
2:52 of 2nd period - Jared McCann is hit by David Backes and loses puck.
3:23 of 2nd period - Sean Couturier is hit by Jeff Carter and loses puck.
3:30 of 2nd period - Roman Polak is hit by David Backes and loses puck.
4:05 of 2nd period - Icing by Brandon Carlo.
4:06 of 2nd period - Patrick Marleau wins face-off versus Jeff Carter in TAMPA BAY Lightning zone.
4:06 of 2nd period - Erik Gudbranson is hit by Brandon Carlo and loses puck.
4:30 of 2nd period - Icing by Erik Gudbranson.
4:31 of 2nd period - Mikael Backlund wins face-off versus Patrick Marleau in PHILADELPHIA Flyers zone.
4:55 of 2nd period - Alexei Emelin is hit by Mikael Backlund and loses puck.
5:08 of 2nd period - Shot by Patrick Eaves.
5:08 of 2nd period - Shot Blocked by Brendan Gallagher.
5:10 of 2nd period - Shot by Patrick Eaves.
5:10 of 2nd period - Stopped by Thomas Greiss without a rebound.
5:11 of 2nd period - Sebastian Aho wins face-off versus Alex Iafallo in PHILADELPHIA Flyers zone.
5:16 of 2nd period - Shot by Tomas Tatar.
5:16 of 2nd period - Stopped by James Reimer without a rebound.
5:17 of 2nd period - Sean Couturier wins face-off versus John Hayden in TAMPA BAY Lightning zone.
5:22 of 2nd period - Shot by Sean Couturier.
5:22 of 2nd period - Shot Misses the Net.
5:29 of 2nd period - Jonathan Drouin is hit by Dylan DeMelo and loses puck.
5:36 of 2nd period - Shot by Sean Couturier.
5:36 of 2nd period - Deflect By Sebastian Aho.
5:36 of 2nd period - Goal by Sebastian Aho - TAMPA BAY Lightning : 4 - PHILADELPHIA Flyers : 3.
5:37 of 2nd period - Mikael Backlund wins face-off versus Jared McCann in neutral zone.
5:40 of 2nd period - Shot by Bobby Ryan.
5:40 of 2nd period - Deflect By Mikael Backlund.
5:40 of 2nd period - Stopped by Thomas Greiss with a rebound.
5:46 of 2nd period - Shot by Patrick Eaves.
5:46 of 2nd period - Shot Blocked by Roman Polak.
6:00 of 2nd period - Shot by Roman Polak.
6:00 of 2nd period - Shot Blocked by Brandon Carlo.
6:02 of 2nd period - Shot by Jared McCann.
6:02 of 2nd period - Shot Blocked by Brandon Carlo.
6:04 of 2nd period - Shot by Roman Polak.
6:04 of 2nd period - Shot Misses the Net.
6:06 of 2nd period - Shot by Jimmy Hayes.
6:06 of 2nd period - Shot Misses the Net.
6:42 of 2nd period - Shot by Tomas Tatar.
6:42 of 2nd period - Stopped by James Reimer without a rebound.
6:43 of 2nd period - Jeff Carter wins face-off versus Patrick Marleau in TAMPA BAY Lightning zone.
6:51 of 2nd period - Icing by Erik Gudbranson.
6:52 of 2nd period - Patrick Marleau wins face-off versus Jeff Carter in PHILADELPHIA Flyers zone.
7:19 of 2nd period - Shot by Brendan Gallagher.
7:19 of 2nd period - Stopped by James Reimer without a rebound.
7:20 of 2nd period - Sean Couturier wins face-off versus Alex Iafallo in TAMPA BAY Lightning zone.
7:20 of 2nd period - Sean Couturier is hit by Dylan DeMelo.
7:28 of 2nd period - Shot by Sean Couturier.
7:28 of 2nd period - Shot Blocked by Dylan DeMelo.
7:31 of 2nd period - Icing by Dylan DeMelo.
7:32 of 2nd period - Alex Iafallo wins face-off versus Sebastian Aho in TAMPA BAY Lightning zone.
7:43 of 2nd period - Shot by Tomas Tatar.
7:43 of 2nd period - Shot Misses the Net.
7:51 of 2nd period - Alex Iafallo is hit by Sebastian Aho and loses puck.
7:58 of 2nd period - Shot by Tomas Tatar.
7:58 of 2nd period - Shot Misses the Net.
8:42 of 2nd period - David Backes is hit by Patrick Marleau and loses puck.
8:47 of 2nd period - Shot by Max Domi.
8:47 of 2nd period - Stopped by James Reimer without a rebound.
8:48 of 2nd period - Mikael Backlund wins face-off versus Jared McCann in TAMPA BAY Lightning zone.
9:17 of 2nd period - Icing by Nikita Zadorov.
9:18 of 2nd period - Jared McCann wins face-off versus John Hayden in PHILADELPHIA Flyers zone.
9:18 of 2nd period - Jared McCann is hit by John Hayden.
9:28 of 2nd period - Icing by Brandon Davidson.
9:29 of 2nd period - Alex Iafallo wins face-off versus Sean Couturier in TAMPA BAY Lightning zone.
9:29 of 2nd period - Alex Iafallo is hit by Jonathan Drouin.
9:32 of 2nd period - Danton Heinen is hit by Sebastian Aho and loses puck.
9:39 of 2nd period - Shot by John Hayden.
9:39 of 2nd period - Stopped by Thomas Greiss without a rebound.
9:40 of 2nd period - Jeff Carter wins face-off versus Sebastian Aho in PHILADELPHIA Flyers zone.
9:53 of 2nd period - Shot by Conor Sheary.
9:53 of 2nd period - Shot Misses the Net.
10:01 of 2nd period - Shot by Jeff Carter.
10:01 of 2nd period - Stopped by Thomas Greiss without a rebound.
10:02 of 2nd period - Mikael Backlund wins face-off versus Patrick Marleau in PHILADELPHIA Flyers zone.
10:21 of 2nd period - Shot by Mikael Backlund.
10:21 of 2nd period - Shot Misses the Net.
10:23 of 2nd period - Shot by Bobby Ryan.
10:23 of 2nd period - Shot Misses the Net.
10:33 of 2nd period - Shot by Patrick Eaves.
10:33 of 2nd period - Stopped by Thomas Greiss without a rebound.
10:34 of 2nd period - Jeff Carter wins face-off versus Sebastian Aho in PHILADELPHIA Flyers zone.
10:43 of 2nd period - Shot by Jeff Carter.
10:43 of 2nd period - Shot Misses the Net.
10:54 of 2nd period - Conor Sheary is hit by Nikita Zadorov and loses puck.
11:01 of 2nd period - Shot by Jeff Carter.
11:01 of 2nd period - Shot Misses the Net.
11:03 of 2nd period - Shot by Conor Sheary.
11:03 of 2nd period - Shot Misses the Net.
11:13 of 2nd period - Shot by David Backes.
11:13 of 2nd period - Deflect By Jeff Carter.
11:13 of 2nd period - Shot Misses the Net.
11:15 of 2nd period - Shot by Jeff Carter.
11:15 of 2nd period - Shot Misses the Net.
11:17 of 2nd period - Shot by David Backes.
11:17 of 2nd period - Deflect By Jeff Carter.
11:17 of 2nd period - Shot Misses the Net.
11:46 of 2nd period - Shot by Daniel Carr.
11:46 of 2nd period - Shot Misses the Net.
12:43 of 2nd period - Cedric Paquette is hit by Erik Gudbranson and loses puck.
13:23 of 2nd period - Shot by Patrick Eaves.
13:23 of 2nd period - Stopped by Thomas Greiss without a rebound.
13:24 of 2nd period - Jeff Carter wins face-off versus Sean Couturier in PHILADELPHIA Flyers zone.
13:32 of 2nd period - David Backes is hit by Dustin Byfuglien and loses puck.
13:37 of 2nd period - Shot by Conor Sheary.
13:37 of 2nd period - Stopped by Thomas Greiss without a rebound.
13:38 of 2nd period - Patrick Marleau wins face-off versus Patrick Eaves in PHILADELPHIA Flyers zone.
13:47 of 2nd period - Shot by Patrick Marleau.
13:47 of 2nd period - Shot Hit the Post.
14:13 of 2nd period - Shot by Max Domi.
14:13 of 2nd period - Deflect By Patrick Marleau.
14:13 of 2nd period - Goal by Patrick Marleau - TAMPA BAY Lightning : 4 - PHILADELPHIA Flyers : 4.
14:14 of 2nd period - Jeff Carter wins face-off versus Sean Couturier in neutral zone.
14:41 of 2nd period - Shot by Jonathan Drouin.
14:41 of 2nd period - Shot Misses the Net.
14:43 of 2nd period - Shot by Dustin Byfuglien.
14:43 of 2nd period - Goal by Dustin Byfuglien - TAMPA BAY Lightning : 4 - PHILADELPHIA Flyers : 5.
14:44 of 2nd period - Jared McCann wins face-off versus Alex Iafallo in neutral zone.
14:56 of 2nd period - Icing by John Hayden.
14:57 of 2nd period - Danton Heinen wins face-off versus Patrick Marleau in TAMPA BAY Lightning zone.
14:57 of 2nd period - Danton Heinen is hit by Max Domi.
15:23 of 2nd period - Shot by Alex Iafallo.
15:23 of 2nd period - Deflect By Danton Heinen.
15:23 of 2nd period - Stopped by Thomas Greiss without a rebound.
15:24 of 2nd period - Jeff Carter wins face-off versus Sean Couturier in PHILADELPHIA Flyers zone.
15:30 of 2nd period - David Backes is hit by Nikita Zadorov and loses puck.
15:38 of 2nd period - Minor Penalty to Nikita Zadorov for Slashing.
15:39 of 2nd period - Mikael Backlund wins face-off versus Sebastian Aho in PHILADELPHIA Flyers zone.
15:48 of 2nd period - Shot by Bobby Ryan.
15:48 of 2nd period - Deflect By Mikael Backlund.
15:48 of 2nd period - Shot Blocked by Torey Krug.
15:50 of 2nd period - Shot by Mikael Backlund.
15:50 of 2nd period - Stopped by Thomas Greiss with a rebound.
15:52 of 2nd period - Shot by Dylan DeMelo.
15:52 of 2nd period - Shot Blocked by Roman Polak.
15:54 of 2nd period - Shot by Bobby Ryan.
15:54 of 2nd period - Stopped by Thomas Greiss without a rebound.
15:55 of 2nd period - Jeff Carter wins face-off versus Sebastian Aho in PHILADELPHIA Flyers zone.
16:03 of 2nd period - Icing by Brandon Carlo.
16:04 of 2nd period - Sebastian Aho wins face-off versus Jeff Carter in TAMPA BAY Lightning zone.
16:19 of 2nd period - Shot by Jeff Carter.
16:19 of 2nd period - Deflect By Conor Sheary.
16:19 of 2nd period - Shot Misses the Net.
17:00 of 2nd period - Icing by Dylan DeMelo.
17:01 of 2nd period - Mikael Backlund wins face-off versus Jonathan Drouin in TAMPA BAY Lightning zone.
17:03 of 2nd period - Icing by Bobby Ryan.
17:04 of 2nd period - Mikael Backlund wins face-off versus Jonathan Drouin in TAMPA BAY Lightning zone.
17:15 of 2nd period - Shot by Brady Skjei.
17:15 of 2nd period - Shot Misses the Net.
17:17 of 2nd period - Shot by Brady Skjei.
17:17 of 2nd period - Shot Hit the Post.
17:19 of 2nd period - Shot by Mikael Backlund.
17:19 of 2nd period - Shot Misses the Net.
17:21 of 2nd period - Shot by Dylan DeMelo.
17:21 of 2nd period - Stopped by Thomas Greiss without a rebound.
17:22 of 2nd period - Jeff Carter wins face-off versus Sebastian Aho in PHILADELPHIA Flyers zone.
17:29 of 2nd period - Shot by Jeff Carter.
17:29 of 2nd period - Deflect By David Backes.
17:29 of 2nd period - Goal by David Backes - TAMPA BAY Lightning : 5 - PHILADELPHIA Flyers : 5.
17:30 of 2nd period - Jeff Carter wins face-off versus Jared McCann in neutral zone.
17:30 of 2nd period - Brady Skjei is hit by Jimmy Hayes and loses puck.
17:34 of 2nd period - Brady Skjei is hit by Nikita Zadorov and loses puck.
17:40 of 2nd period - Conor Sheary is hit by Nikita Zadorov and loses puck.
17:56 of 2nd period - David Backes is hit by Dustin Byfuglien and loses puck.
18:05 of 2nd period - Shot by Jeff Carter.
18:05 of 2nd period - Stopped by Thomas Greiss without a rebound.
18:06 of 2nd period - Sean Couturier wins face-off versus Mikael Backlund in PHILADELPHIA Flyers zone.
18:49 of 2nd period - Shot by Sean Couturier.
18:49 of 2nd period - Deflect By Jonathan Drouin.
18:49 of 2nd period - Stopped by James Reimer without a rebound.
18:50 of 2nd period - Jeff Carter wins face-off versus Patrick Marleau in TAMPA BAY Lightning zone.
19:09 of 2nd period - Icing by Brady Skjei.
19:10 of 2nd period - Jeff Carter wins face-off versus Jared McCann in TAMPA BAY Lightning zone.
Goals for this period are 1 for TAMPA BAY Lightning vs 3 for PHILADELPHIA Flyers.
Shots for this period are 13 for TAMPA BAY Lightning vs 8 for PHILADELPHIA Flyers.

3rd period


0:01 of 3rd period - Sean Couturier wins face-off versus Jeff Carter in neutral zone.
0:06 of 3rd period - Shot by Sebastian Aho.
0:06 of 3rd period - Stopped by James Reimer with a rebound.
0:17 of 3rd period - Jeff Carter is hit by Nikita Zadorov.
0:37 of 3rd period - Icing by Sebastian Aho.
0:38 of 3rd period - Sean Couturier wins face-off versus Mikael Backlund in PHILADELPHIA Flyers zone.
0:48 of 3rd period - Nikita Zadorov is hit by Brandon Davidson and loses puck.
0:55 of 3rd period - Shot by Sean Couturier.
0:55 of 3rd period - Shot Misses the Net.
1:35 of 3rd period - Shot by Alex Iafallo.
1:35 of 3rd period - Shot Misses the Net.
1:37 of 3rd period - Shot by Alex Iafallo.
1:37 of 3rd period - Stopped by Thomas Greiss without a rebound.
1:38 of 3rd period - Jeff Carter wins face-off versus Jimmy Hayes in PHILADELPHIA Flyers zone.
1:45 of 3rd period - Erik Gudbranson is hit by David Backes and loses puck.
1:55 of 3rd period - David Backes is hit by Alexei Emelin and loses puck.
2:10 of 3rd period - Shot by Brandon Carlo.
2:10 of 3rd period - Stopped by Thomas Greiss without a rebound.
2:11 of 3rd period - Jonathan Drouin wins face-off versus Alex Iafallo in PHILADELPHIA Flyers zone.
2:11 of 3rd period - Jonathan Drouin is hit by Alex Iafallo.
2:25 of 3rd period - Shot by Sebastian Aho.
2:25 of 3rd period - Stopped by James Reimer without a rebound.
2:26 of 3rd period - Mikael Backlund wins face-off versus Patrick Marleau in TAMPA BAY Lightning zone.
2:26 of 3rd period - Mikael Backlund is hit by Patrick Marleau.
2:50 of 3rd period - Off-side.
2:51 of 3rd period - Jeff Carter wins face-off versus Sean Couturier in neutral zone.
3:01 of 3rd period - Icing by Dustin Byfuglien.
3:02 of 3rd period - Sean Couturier wins face-off versus Alex Iafallo in PHILADELPHIA Flyers zone.
3:02 of 3rd period - Jonathan Drouin is hit by John Hayden.
3:29 of 3rd period - Off-side.
3:30 of 3rd period - Jeff Carter wins face-off versus Patrick Marleau in neutral zone.
3:43 of 3rd period - Shot by Jeff Carter.
3:43 of 3rd period - Stopped by Thomas Greiss without a rebound.
3:44 of 3rd period - Sebastian Aho wins face-off versus Mikael Backlund in PHILADELPHIA Flyers zone.
3:44 of 3rd period - Sebastian Aho is hit by Bobby Ryan.
4:08 of 3rd period - Patrick Eaves is hit by Nikita Zadorov and loses puck.
4:26 of 3rd period - Minor Penalty to Dustin Byfuglien for Hooking.
4:27 of 3rd period - Sebastian Aho wins face-off versus Jeff Carter in PHILADELPHIA Flyers zone.
4:44 of 3rd period - Shot by David Backes.
4:44 of 3rd period - Stopped by Thomas Greiss without a rebound.
4:45 of 3rd period - Jeff Carter wins face-off versus Patrick Marleau in PHILADELPHIA Flyers zone.
4:45 of 3rd period - Jeff Carter is hit by Nikita Zadorov.
4:53 of 3rd period - Shot by Conor Sheary.
4:53 of 3rd period - Stopped by Thomas Greiss without a rebound.
4:54 of 3rd period - Mikael Backlund wins face-off versus Sebastian Aho in PHILADELPHIA Flyers zone.
5:05 of 3rd period - Shot by Bobby Ryan.
5:05 of 3rd period - Shot Blocked by Nikita Zadorov.
5:07 of 3rd period - Shot by Mikael Backlund.
5:07 of 3rd period - Goal by Mikael Backlund - TAMPA BAY Lightning : 6 - PHILADELPHIA Flyers : 5.
5:08 of 3rd period - Jared McCann wins face-off versus Jeff Carter in neutral zone.
5:42 of 3rd period - Shot by Jimmy Hayes.
5:42 of 3rd period - Shot Blocked by Jeff Carter.
5:44 of 3rd period - Shot by Jared McCann.
5:44 of 3rd period - Stopped by James Reimer without a rebound.
5:45 of 3rd period - Brendan Gallagher wins face-off versus Alex Iafallo in TAMPA BAY Lightning zone.
5:59 of 3rd period - Shot by Max Domi.
5:59 of 3rd period - Stopped by James Reimer without a rebound.
6:00 of 3rd period - Mikael Backlund wins face-off versus Sean Couturier in TAMPA BAY Lightning zone.
6:20 of 3rd period - Sean Couturier is hit by Brady Skjei and loses puck.
6:29 of 3rd period - Shot by Sebastian Aho.
6:29 of 3rd period - Shot Misses the Net.
6:44 of 3rd period - Sebastian Aho is hit by Brandon Carlo.
7:23 of 3rd period - Shot by Jeff Carter.
7:23 of 3rd period - Shot Misses the Net.
7:25 of 3rd period - Shot by Conor Sheary.
7:25 of 3rd period - Shot Misses the Net.
7:27 of 3rd period - Shot by Jeff Carter.
7:27 of 3rd period - Shot Misses the Net.
8:21 of 3rd period - Shot by Alex Iafallo.
8:21 of 3rd period - Shot Misses the Net.
8:23 of 3rd period - Shot by John Hayden.
8:23 of 3rd period - Stopped by Thomas Greiss with a rebound.
8:25 of 3rd period - Shot by Dylan DeMelo.
8:25 of 3rd period - Stopped by Thomas Greiss without a rebound.
8:26 of 3rd period - Cedric Paquette wins face-off versus Sebastian Aho in PHILADELPHIA Flyers zone.
8:46 of 3rd period - Icing by Brandon Davidson.
8:47 of 3rd period - William Carrier wins face-off versus Jared McCann in TAMPA BAY Lightning zone.
9:09 of 3rd period - Shot by Matt Duchene.
9:09 of 3rd period - Stopped by James Reimer without a rebound.
9:10 of 3rd period - Jeff Carter wins face-off versus Sean Couturier in TAMPA BAY Lightning zone.
9:23 of 3rd period - Shot by Jonathan Drouin.
9:23 of 3rd period - Shot Blocked by Dylan DeMelo.
9:25 of 3rd period - Shot by Dustin Byfuglien.
9:25 of 3rd period - Stopped by James Reimer without a rebound.
9:26 of 3rd period - Danton Heinen wins face-off versus Sebastian Aho in TAMPA BAY Lightning zone.
9:57 of 3rd period - Shot by Alex Iafallo.
9:57 of 3rd period - Stopped by Thomas Greiss without a rebound.
9:58 of 3rd period - Jeff Carter wins face-off versus Jared McCann in PHILADELPHIA Flyers zone.
9:58 of 3rd period - Brandon Carlo is hit by Nikita Zadorov and loses puck.
9:59 of 3rd period - Minor Penalty to Nikita Zadorov for Slashing.
10:00 of 3rd period - Sebastian Aho wins face-off versus Jeff Carter in PHILADELPHIA Flyers zone.
10:32 of 3rd period - Icing by Brandon Carlo.
10:33 of 3rd period - Jeff Carter wins face-off versus Jonathan Drouin in TAMPA BAY Lightning zone.
11:21 of 3rd period - Shot by Bobby Ryan.
11:21 of 3rd period - Shot Misses the Net.
11:33 of 3rd period - Shot by Dylan DeMelo.
11:33 of 3rd period - Stopped by Thomas Greiss without a rebound.
11:34 of 3rd period - Jonathan Drouin wins face-off versus Jeff Carter in PHILADELPHIA Flyers zone.
11:42 of 3rd period - Icing by Brandon Davidson.
11:43 of 3rd period - Brendan Gallagher wins face-off versus Jeff Carter in TAMPA BAY Lightning zone.
12:08 of 3rd period - Shot by Alex Iafallo.
12:08 of 3rd period - Stopped by Thomas Greiss without a rebound.
12:09 of 3rd period - Mikael Backlund wins face-off versus Jared McCann in PHILADELPHIA Flyers zone.
12:10 of 3rd period - Shot by Bobby Ryan.
12:10 of 3rd period - Stopped by Thomas Greiss with a rebound.
12:16 of 3rd period - Jared McCann is hit by Bobby Ryan.
13:38 of 3rd period - Off-side.
13:39 of 3rd period - Jeff Carter wins face-off versus Sean Couturier in neutral zone.
13:54 of 3rd period - Shot by Jeff Carter.
13:54 of 3rd period - Stopped by Thomas Greiss without a rebound.
13:55 of 3rd period - Patrick Marleau wins face-off versus Mikael Backlund in PHILADELPHIA Flyers zone.
14:27 of 3rd period - Icing by Roman Polak.
14:28 of 3rd period - Patrick Marleau wins face-off versus Jeff Carter in PHILADELPHIA Flyers zone.
14:40 of 3rd period - Off-side.
14:41 of 3rd period - Sean Couturier wins face-off versus Alex Iafallo in neutral zone.
15:26 of 3rd period - Shot by Sean Couturier.
15:26 of 3rd period - Stopped by James Reimer with a rebound.
15:41 of 3rd period - Minor Penalty to David Backes for Cross-checking.
15:42 of 3rd period - Mikael Backlund wins face-off versus Jonathan Drouin in TAMPA BAY Lightning zone.
16:09 of 3rd period - Dylan DeMelo is hit by Patrick Marleau and loses puck.
16:36 of 3rd period - Shot by Roman Polak.
16:36 of 3rd period - Stopped by James Reimer without a rebound.
16:37 of 3rd period - Mikael Backlund wins face-off versus Sean Couturier in TAMPA BAY Lightning zone.
16:37 of 3rd period - Mikael Backlund is hit by Sean Couturier.
17:25 of 3rd period - Off-side.
17:26 of 3rd period - Jonathan Drouin wins face-off versus Cedric Paquette in neutral zone.
17:28 of 3rd period - Off-side.
17:29 of 3rd period - Cedric Paquette wins face-off versus Jonathan Drouin in neutral zone.
17:35 of 3rd period - Icing by Jonathan Drouin.
17:36 of 3rd period - Brendan Gallagher wins face-off versus Cedric Paquette in PHILADELPHIA Flyers zone.
18:13 of 3rd period - Icing by Erik Gudbranson.
18:14 of 3rd period - Cedric Paquette wins face-off versus Jared McCann in PHILADELPHIA Flyers zone.
18:33 of 3rd period - Shot by Brady Skjei.
18:33 of 3rd period - Shot Misses the Net.
18:35 of 3rd period - Shot by Cedric Paquette.
18:35 of 3rd period - Stopped by Thomas Greiss with a rebound.
18:55 of 3rd period - Icing by William Carrier.
18:56 of 3rd period - Cedric Paquette wins face-off versus Sebastian Aho in TAMPA BAY Lightning zone.
19:09 of 3rd period - Dustin Byfuglien is hit by William Carrier and loses puck.
19:25 of 3rd period - Off-side.
19:26 of 3rd period - Conor Sheary wins face-off versus Sean Couturier in neutral zone.
19:37 of 3rd period - Shot by Jeff Carter.
19:37 of 3rd period - Shot Misses the Net.
19:39 of 3rd period - Shot by Jeff Carter.
19:39 of 3rd period - Goal by Jeff Carter - TAMPA BAY Lightning : 7 - PHILADELPHIA Flyers : 5.
19:40 of 3rd period - Mikael Backlund wins face-off versus Patrick Marleau in neutral zone.
19:54 of 3rd period - Torey Krug is hit by Dylan DeMelo and loses puck.
Goals for this period are 2 for TAMPA BAY Lightning vs 0 for PHILADELPHIA Flyers.
Shots for this period are 15 for TAMPA BAY Lightning vs 8 for PHILADELPHIA Flyers.